 Dungeon Crawl Stone Soup version 0.30-a0-779-g7971cf19c3 (webtiles) character file.

Game seed: 661391057542879832

18 KennySheep the Trooper (level 2, -4/33 HPs)
             Began as an Ogre Monk on Feb 18, 2023.
             Slain by a hobgoblin
             ... wielding a +0 war axe
              (9 damage)
             ... on level 2 of the Dungeon.
             The game lasted 00:01:11 (681 turns).

KennySheep the Trooper (Ogre Monk)                   Turns: 681, Time: 00:01:11

Health: -4/33      AC:  3    Str: 14    XL:     2   Next: 66%
Magic:  2/2        EV: 10    Int: 11    God:
Gold:   75         SH:  0    Dex: 11    Spells: 1/1 levels left

rFire   . . .      SeeInvis .    a - +0 mace
rCold   . . .      Faith    .    (no shield)
rNeg    . . .      Spirit   .    b - +0 robe
rPois   .          Reflect  .    (helmet restricted)
rElec   .          Harm     .    (no cloak)
rCorr   .          Rampage  .    (gloves unavailable)
Will    .....                    (boots unavailable)
Stlth   ++                       (no amulet)
HPRegen 0.25/turn                (no ring)
MPRegen 0.08/turn                (no ring)

@: lethally poisoned (-4 -> -8)
A: large, unfitting armour, tough skin 1
a: no special abilities


You were on level 2 of the Dungeon.
You visited 1 branch of the dungeon, and saw 2 of its levels.

You collected 75 gold pieces.

Inventory:

Hand Weapons
 a - a +0 mace (weapon)
Armour
 b - a +0 robe (worn)
Scrolls
 d - a scroll of enchant weapon {unknown}
 e - a scroll of poison {unknown}
 g - a scroll of fog {unknown}
 h - 3 scrolls of identify {unknown}
 i - a scroll of enchant armour {unknown}
Potions
 c - a potion of ambrosia
 f - 3 potions of magic {unknown}
 j - a potion of resistance {unknown}


   Skills:
 + Level 4.4 Fighting
 + Level 3.0 Maces & Flails
 - Level 2.6 Dodging
 - Level 1.4 Stealth
 + Level 1.1 Invocations


You had one spell level left.
You didn't know any spells.
Your spell library was empty.

Dungeon Overview and Level Annotations

Branches:
Dungeon (2/15)

Altars:


Innate Abilities, Weirdness & Mutations

You are too large for most types of armour.
You have tough skin. (AC +1)


Message History

You barely miss the goblin. The goblin hits you with a +0 dagger.
An endoplasm comes into view.
The dart slug bites you.
The endoplasm quivers.
You hit the goblin but do no damage. The goblin barely misses you. x2
The dart slug launches a dart at you. The slug dart hits you.
A hobgoblin comes into view. It is wielding a +0 war axe.
The goblin attacks as you move away! The goblin hits you but does no damage.
The hobgoblin shouts!
You hit the dart slug.
The dart slug is severely wounded.
The dart slug barely misses you.
You sock the dart slug!
You kill the dart slug!
The adder bites you.
You are poisoned.
The adder poisons you!
You hit the adder but do no damage.
You feel very sick. The adder bites you.
You hit the adder but do no damage.
You feel sick.
The adder bites you but does no damage. x2
You hit the adder.
The adder is lightly wounded.
You feel sick. The adder barely misses you.
You hit the adder.
The adder is moderately wounded.
You feel sick. The adder bites you.
You are more poisoned.
The adder poisons you!
The hobgoblin hits you with a +0 war axe!
The adder bites you.
* * * LOW HITPOINT WARNING * * *
You closely miss the adder.
The adder is moderately wounded.
* * * LOW HITPOINT WARNING * * *
You feel sick. The adder closely misses you.
The hobgoblin hits you with a +0 war axe!
You die...

#.....# ## .......## .#
........# #.# #########
........# #.# #.......##
........# #.# #.........
.!......####.## #>......##
........S.Kg..# #..<....#
........###S#.#####.......#
.......## #@#.##..........#
#.....# #.g.#..##########
###### ##......# ##.#.#.#
#...#.# .....#.# ####..#.#
##.#.# #.#.#


You could see an adder, a hobgoblin, a goblin and a kobold.

Vanquished Creatures
  A dart slug (D:2)
  2 ball pythons
  A bat (D:1)
  A hobgoblin (D:2)
  2 quokkas (D:1)
  3 frilled lizards
  3 kobolds (D:1)
  3 rats (D:1)
16 creatures vanquished.

Notes
Turn   | Place    | Note
-------+----------+-------------------------------------------
     0 | D:1      | KennySheep the Ogre Monk began the quest for the Orb.
     0 | D:1      | Reached XP level 1. HP: 24/24 MP: 1/1
   210 | D:1      | Reached XP level 2. HP: 32/32 MP: 2/2
   411 | D:1      | Reached skill level 1 in Invocations
   681 | D:2      | Slain by a hobgoblin

Illustrated notes

Levels and vault maps discovered:
D:1:      dpeg_arrival_signposts, layout_rooms, minmay_liquid_box
D:2:      layout_rooms, serial_shops, nicolae_square_shop, uniq_natasha

Skill      XL: |  1  2 |
---------------+-------+-----
Invocations    | 1 |  1.1
Maces & Flails | 3 |  3.0
Fighting       | |  4.4
Dodging        | |  2.6
Stealth        | |  1.4

Action                     || total
---------------------------++-------
  Melee: Mace              ||    64
         Punch             ||     1
   Stab: Sleeping          ||     2
 Armour: Robe              ||    25
  Dodge: Dodged            ||    45

Table legend: (Time is in decaauts)
 A = Elapsed time spent in this place.
 B = Non-inter-level travel time spent in this place.
 C = Inter-level travel time spent in this place.
 D = Time resting spent in this place.
 E = Time spent auto-exploring this place.
 F = Levels seen in this place.
 G = Mean time per level.
                   A        B        C        D        E       F      G
               +--------+--------+--------+--------+--------+-----+--------+
         Total |    697 |    652 |     45 |      0 |    468 |   2 |  348.5 |
       Dungeon |    697 |    652 |     45 |      0 |    468 |   2 |  348.5 |
               +--------+--------+--------+--------+--------+-----+--------+

Top non-repeatable levels by time:
     D:1: 627 daAuts
     D:2: 70 daAuts
